 Dungeon Crawl Stone Soup version 0.21.1-68-g103a7af (webtiles) character file.

108955 kokami0 the Unseen (level 17, 0/108 HPs)
             Began as a Kobold Enchanter on Aug 1, 2018.
             Was a High Priest of Okawaru.
             Killed from afar by a thorn hunter (25 damage)
             ... with a volley of thorns
             ... on level 3 of the Swamp.
             The game lasted 02:38:13 (40915 turns).

kokami0 the Unseen (Kobold Enchanter)              Turns: 40915, Time: 02:38:13

Health: 0/108      AC: 18    Str:  8    XL:     17   Next: 6%
Magic:  12/33      EV: 36    Int: 28    God:    Okawaru [*****.]
Gold:   906        SH: 11    Dex: 27    Spells: 25/40 levels left

rFire    x . .     SeeInvis .   I - +3 dagger of Viehuwib {flame, rPois rF- Int+7 Dex+3}
rCold    x . .     Gourm    .   h - +3 buckler "Eqautus" {+Blink rElec}
rNeg     . . .     Faith    +   e - +2 robe of the Crown {MR+ Str+2}
rPois    +         Spirit   .   m - +3 helmet of Yckussix {MR+}
rElec    +         Reflect  .   p - +1 cloak
rCorr    .         Harm     .   s - +2 pair of gloves {Dex+3}
MR       +++..                  g - +2 pair of boots {Fly}
Stlth    ++++++++..             r - amulet of faith
HPRegen  0.28/turn              b - ring "Lupnunan" {rElec rPois rC- EV+5 Int+4}
MPRegen  0.23/turn              K - ring of stealth

@: flying, slowed, very slow
A: small, yellow scales 1, carnivore
a: Heroism, Finesse, Renounce Religion, Evoke Blink, Stop Flying


You were on level 3 of the Swamp.
You worshipped Okawaru.
Okawaru was extremely pleased with you.
You were full.

You visited 6 branches of the dungeon, and saw 25 of its levels.
You also visited: Ice Cave.

You collected 2304 gold pieces.
You spent 1398 gold pieces at shops.

Inventory:

Hand Weapons
 I - the +3 dagger of Viehuwib (weapon) {flame, rPois rF- Int+7 Dex+3}
   (Okawaru gifted it to you on level 1 of the Swamp)

   It has been specially enchanted to burn those struck by it, causing extra
   injury to most foes and up to half again as much damage against particularly
   susceptible opponents.
   It affects your intelligence (+7).
   It affects your dexterity (+3).
   It makes you vulnerable to fire.
   It protects you from poison.
Armour
 e - the +2 robe of the Crown (worn) {MR+ Str+2}
   (You bought it in a shop on level 2 of the Orcish Mines)

   It affects your strength (+2).
   It affects your resistance to hostile enchantments.
 g - a +2 pair of boots of flying (worn)
 h - the +3 buckler "Eqautus" (worn) {+Blink rElec}
   (Okawaru gifted it to you on level 6 of the Lair of Beasts)

   It insulates you from electricity.
   It lets you blink.
 m - the +3 helmet of Yckussix (worn) {MR+}
   (Okawaru gifted it to you on level 1 of the Lair of Beasts)

   It affects your resistance to hostile enchantments.
 p - a +1 cloak (worn)
 s - a +2 pair of gloves of dexterity (worn)
 E - the +1 buckler of Cloud Cover {rF+}
   (You found it on level 5 of the Lair of Beasts)

   It protects you from fire.
Jewellery
 b - the ring "Lupnunan" (left hand) {rElec rPois rC- EV+5 Int+4}
   (You acquired it on level 11 of the Dungeon)

   [ring of evasion]

   It affects your evasion (+5).
   It affects your intelligence (+4).
   It makes you vulnerable to cold.
   It insulates you from electricity.
   It protects you from poison.
 r - an amulet of faith (around neck)
 v - an uncursed ring of protection from magic {unknown}
 x - an uncursed ring of positive energy
 H - an uncursed ring of resist corrosion
 K - a ring of stealth (right hand)
Wands
 u - a wand of digging (19)
 y - a wand of disintegration (34)
Scrolls
 j - 2 scrolls of teleportation
 o - 5 scrolls of remove curse
 q - 4 scrolls of magic mapping
 z - 2 scrolls of enchant weapon
 A - a scroll of blinking
 F - a scroll of fear
 M - a scroll of enchant armour
Potions
 a - 3 potions of resistance
 n - 2 potions of brilliance
 C - a potion of might
Books
 c - a book of Maledictions

   Spells                             Type                      Level
   a - Corona                         Hexes                        1
   b - Ensorcelled Hibernation        Hexes/Ice                    2
   c - Confuse                        Hexes                        3
   d - Tukima's Dance                 Hexes                        3
   e - Dazzling Spray                 Conjuration/Hexes            3
 f - a book of Misfortune

   Spells                             Type                      Level
   a - Confusing Touch                Hexes                        1
   b - Confuse                        Hexes                        3
   c - Gell's Gravitas                Translocation                3
   d - Petrify                        Transmutation/Earth          4
   e - Metabolic Englaciation         Hexes/Ice                    5
   f - Yara's Violent Unravelling     Hexes/Transmutation          5
 i - a book of the Dragon

   Spells                             Type                      Level
   a - Flame Tongue                   Conjuration/Fire             1
   b - Cause Fear                     Hexes                        4
   c - Bolt of Fire                   Conjuration/Fire             6
   d - Dragon Form                    Transmutation                7
   e - Dragon's Call                  Summoning                    9
 l - a book of Transfigurations

   Spells                             Type                      Level
   a - Irradiate                      Conjuration/Transmutation    5
   b - Statue Form                    Transmutation/Earth          6
   c - Hydra Form                     Transmutation                6
   d - Dragon Form                    Transmutation                7
 t - a book of Maledictions

   Spells                             Type                      Level
   a - Corona                         Hexes                        1
   b - Ensorcelled Hibernation        Hexes/Ice                    2
   c - Confuse                        Hexes                        3
   d - Tukima's Dance                 Hexes                        3
   e - Dazzling Spray                 Conjuration/Hexes            3
 w - a book of Burglary

   Spells                             Type                      Level
   a - Swiftness                      Charms/Air                   2
   b - Passwall                       Transmutation/Earth          2
   c - Passage of Golubria            Translocation                4
   d - Lee's Rapid Deconstruction     Earth                        5
   e - Darkness                       Hexes                        6
   f - Invisibility                   Hexes                        6
 B - a book of the Earth

   Spells                             Type                      Level
   a - Leda's Liquefaction            Hexes/Earth                  4
   b - Bolt of Magma                  Conjuration/Fire/Earth       5
   c - Statue Form                    Transmutation/Earth          6
   d - Iron Shot                      Conjuration/Earth            6
   e - Shatter                        Earth                        9
 G - a book of Frost

   Spells                             Type                      Level
   a - Freeze                         Ice                          1
   b - Throw Frost                    Conjuration/Ice              2
   c - Ozocubu's Armour               Charms/Ice                   3
   d - Throw Icicle                   Conjuration/Ice              4
   e - Summon Ice Beast               Ice/Summoning                4
Comestibles
 d - 34 rations


   Skills:
 - Level 13.0 Fighting
 - Level 8.0 Short Blades
 + Level 13.9 Dodging
 - Level 15.6 Stealth
 - Level 5.9 Shields
 - Level 12.1 Spellcasting
 - Level 13.3 Hexes
 - Level 4.0 Ice Magic
 - Level 7.0 Invocations


You had 25 spell levels left.
You knew the following spells:

 Your Spells              Type           Power        Failure   Level  Hunger
a - Corona                Hex            #######      0%          1    None
b - Ensorcelled Hibernat  Hex/Ice        ######       1%          2    None
c - Confuse               Hex            #######.     1%          3    None
d - Cause Fear            Hex            #######...   1%          4    None
e - Metabolic Englaciati  Hex/Ice        ######....   2%          5    ###....


Dungeon Overview and Level Annotations

Branches:
Dungeon (12/15)            Temple (1/1) D:6            Lair (6/6) D:11
  Swamp (3/4) Lair:3        Snake (1/4) Lair:4        Slime (0/5) Lair:6
    Orc (2/2) D:12            Elf (0/3) Orc:2

Altars:
Cheibriados
Elyvilon
Hepliaklqana
Nemelex Xobeh
Okawaru
Ru
Sif Muna
Vehumet
Xom
Yredelemnul
Zin
The Shining One

Shops:
D:6 *   D:7 !   D:8 [   D:9 (   Orc:2 *[%:!

Portals:
Pandemonium: Orc:2

Annotations:
D:9 2 runed doors
Lair:6 exclusion: 3 oklob plants
Snake:1 Agnes


Innate Abilities, Weirdness & Mutations

You are small and have problems with some larger weapons.
You are carnivorous and can eat meat at any time.
You are partially covered in yellow scales. (AC +2)


Message History

You fail to use your ability.
You block kokami0's illusion's attack. The thorn hunter closely misses you.
The thorn hunter completely misses you.
Kokami0's illusion hits you but does no damage.
The thorn hunter completely misses you. The thorn hunter hits you.
The briar patch crumbles away. x2
The thorn hunter fires a volley of thorns at you.
The volley of thorns misses you.
Kokami0's illusion hits you but does no damage.
The briar patch crumbles away. x4
The thorn hunter fires a volley of thorns at you.
The volley of thorns hits you!
* * * LOW HITPOINT WARNING * * *
Kokami0's illusion completely misses you.
Kokami0's illusion hits you but does no damage.
The briar patch crumbles away. x4; The thorn hunter misses you.
The thorn hunter hits you but does no damage.
You block kokami0's illusion's attack.
The thorn hunter fires a volley of thorns at you.
The volley of thorns hits you!
You die...

≈..≈≈.≈≈≈†.♣...♣♣ ♣♣≈≈♣♣♣)≈....
≈...≈.≈≈≈.....≈.♣♣ ♣§.♣♣≈≈≈≈....
.♣♣♣≈≈≈...≈≈.≈≈≈.♣ ♣♣..♣♣♣≈≈§....
.♣...♣...♣.≈≈≈≈≈.♣♣♣≈....♣♣≈♣..##
...≈..≈♣♣♣♣♣≈.≈......≈..♣♣♣♣♣..#.
..≈≈≈§.♣ ♣♣.§≈...≈≈≈≈..♣♣♣ ♣..#.
..≈≈≈§.♣♣ ♣..≈≈≈..≈≈≈≈.≈≈.♣ ♣..##
...≈≈≈.≈♣ ♣≈..≈≈...≈≈≈..≈♣♣ ♣♣...
...≈≈≈.♣♣♣♣≈...@@.≈≈≈≈♣♣§≈♣♣♣♣♣.)
.≈.§≈.♣♣♣♣..≈≈≈f.P≈≈≈≈≈♣♣♣≈≈♣♣...
.....♣♣♣.≈≈≈≈≈≈.P≈≈≈≈...♣♣.≈≈♣♣♣♣
§≈♣♣♣♣♣♣.≈≈≈≈≈≈)≈≈≈<≈≈..≈♣♣≈≈♣♣♣♣
≈≈.......≈≈≈≈≈≈.♣♣♣.≈≈≈≈≈.♣.≈≈...
≈≈≈≈≈≈≈≈.≈≈≈≈≈≈..♣♣≈≈≈≈≈≈≈≈.....♣
≈≈≈≈≈....≈.≈.♣♣♣♣♣≈≈§.≈≈≈≈≈≈.≈≈.♣
≈≈≈≈≈...≈.♣♣♣♣ ♣♣....≈≈≈≈≈.≈≈.♣
≈≈≈≈≈.≈≈≈.♣♣ ♣♣♣≈.≈≈≈≈.≈≈≈.♣


You could see a thorn hunter and kokami0's illusion.

Vanquished Creatures
  Rupert (Snake:1)
  Kirke (D:12)
  An orc warlord (Orc:1)
  Aizul (Swamp:2)
  The ghost of Enish the Reanimator, a journeyman GnNe of Sif Muna (Swamp:1)
  An ettin (Orc:1)
  Josephine (Lair:4)
  Fannar (D:11)
  A naga warrior (Snake:1)
  6 hydras
  2 catoblepae (Lair:6)
  A ghost crab (Swamp:3)
  7 alligators
  An anaconda (Snake:1)
  5 two-headed ogres
  5 orc high priests (Orc:2)
  A tengu warrior (D:11)
  A death knight (D:11)
  8 death yaks (Lair:6)
  A naga sharpshooter (Snake:1)
  Sonja (D:11)
  The ghost of SergentPoivreBleu the Archer, a novice MiHu of Okawaru (D:8)
  A gelid demonspawn (Orc:2)
  A swamp dragon (Swamp:3)
  An infernal demonspawn (Orc:2)
  3 spriggan druids (Swamp:3)
  The ghost of zapotec the Nimble, a novice OpAs of Dithmenos (D:6)
  2 shambling mangroves (Swamp:3)
  4 orc knights (Orc:2)
  A salamander (Snake:1)
  9 orc sorcerers
  4 ugly things
  3 manticores
  A cyclops (D:12)
  2 naga magi (Snake:1)
  6 elephants
  2 black mambas (Snake:1)
  A torpor snail (Lair:3)
  An orange demon (Orc:2)
  17 spiny frogs
  3 rime drakes
  A freezing wraith (D:11)
  4 komodo dragons
  3 hellwings (Orc:2)
  A red devil (Orc:2)
  7 trolls
  7 hornets (Swamp:3)
  A polar bear (Lair:3)
  22 blink frogs
  3 tyrant leeches
  8 slime creatures
  5 hippogriffs
  10 bog bodies
  4 dream sheep (Lair:3)
  7 wraiths
  A ynoxinul (Orc:2)
  6 spriggans (Swamp:3)
  2 shadows
  2 hogs (D:12)
  55 yaks
  3 wyverns
  8 vampire mosquitoes
  5 basilisks
  3 hungry ghosts
  7 wargs (Orc:1)
  24 swamp worms
  Edmund (D:5)
  23 insubstantial wisps
  5 nagas
  10 porcupines
  3 swamp drakes
  12 water moccasins
  32 orc warriors
  4 sky beasts
  9 ice beasts
  9 ogres
  2 phantoms
  15 wolves
  An eye of draining (D:12)
  9 centaurs
  12 crocodiles
  4 big kobolds
  19 bullfrogs
  A wyvern zombie (D:10)
  A water moccasin zombie (D:11)
  6 scorpions
  5 killer bees (D:10)
  5 wights
  An electric eel (Lair:3)
  2 howler monkeys
  6 crimson imps
  3 bullfrog zombies
  A centaur zombie (D:10)
  3 centaur skeletons
  3 jellies
  A gnoll shaman (D:4)
  25 orc priests
  3 hounds
  22 orc wizards
  4 bullfrog skeletons
  An iguana (D:12)
  9 worker ants
  A hound skeleton (D:8)
  2 howler monkey zombies (D:5)
  3 worker ant zombies
  19 gnolls
  15 adders
  A howler monkey skeleton (D:3)
  2 shadow imps
  3 oozes
  An adder zombie (D:7)
  An adder skeleton (D:5)
  3 worms
  15 leopard geckos
  71 orcs
  7 bats
  4 giant cockroaches
  9 goblins
  5 hobgoblins
  4 jackals (D:2)
  14 kobolds
  9 quokkas
  A ball python (D:4)
  5 frilled lizards (D:1)
  A goblin zombie (D:3)
  A leopard gecko skeleton (D:5)
  A quokka skeleton (D:10)
  A quokka zombie (D:6)
  11 rats
  A plant (Lair:2)
794 creatures vanquished.

Vanquished Creatures (collateral kills)
  An orc knight (Orc:2)
  2 orc warriors (Orc:2)
  An orc priest (Orc:2)
4 creatures vanquished.

Vanquished Creatures (others)
  A slime creature (Swamp:2)
  A shadow (Swamp:2)
  2 orc warriors (Orc:2)
  2 crimson imps (D:12)
  A briar patch (Swamp:3)
  A fungus (D:11)
  6 plants
14 creatures vanquished.

Grand Total: 812 creatures vanquished

Notes
Turn   | Place    | Note
-------+----------+-------------------------------------------
     0 | D:1      | kokami0 the Kobold Enchanter began the quest for the Orb.
     0 | D:1      | Reached XP level 1. HP: 10/10 MP: 3/3
    80 | D:1      | Reached XP level 2. HP: 5/15 MP: 5/5
   105 | D:1      | Learned a level 2 spell: Ensorcelled Hibernation
   552 | D:1      | Reached skill level 1 in Fighting
   662 | D:1      | Reached XP level 3. HP: 17/20 MP: 3/6
  1601 | D:2      | Reached XP level 4. HP: 27/27 MP: 7/7
  2765 | D:3      | Found a snail-covered altar of Cheibriados.
  2958 | D:3      | Reached XP level 5. HP: 7/33 MP: 8/8
  3195 | D:3      | Learned a level 3 spell: Confuse
  3514 | D:3      | Found a runed door.
  3514 | D:3      | Noticed a human
  3602 | D:3      | Found a basalt altar of Yredelemnul.
  3946 | D:3      | Found a sacrificial altar of Ru.
  3965 | D:3      | Reached XP level 6. HP: 36/38 MP: 1/11
  4826 | D:3      | Reached skill level 5 in Stealth
  4915 | D:4      | Reached XP level 7. HP: 43/43 MP: 13/13
  5126 | D:4      | Reached skill level 6 in Stealth
  5369 | D:4      | Reached skill level 7 in Stealth
  5631 | D:4      | Reached skill level 8 in Stealth
  6221 | D:5      | Entered Level 5 of the Dungeon
  6221 | D:5      | Noticed Edmund
  6287 | D:5      | Reached skill level 9 in Stealth
  6306 | D:5      | Reached XP level 8. HP: 29/48 MP: 0/14
  6958 | D:5      | Reached skill level 10 in Stealth
  9349 | D:5      | Killed Edmund
  9349 | D:5      | Reached skill level 5 in Spellcasting
  9705 | D:6      | Found a staircase to the Ecumenical Temple.
  9712 | Temple   | Entered the Ecumenical Temple
  9731 | Temple   | Became a worshipper of Warmaster Okawaru
  9822 | D:6      | Found Ritalack's General Store.
  9834 | D:6      | Bought a scroll of identify for 24 gold pieces
  9834 | D:6      | Bought a scroll of identify for 24 gold pieces
  9881 | D:6      | Noticed zapotec's ghost (novice OpAs)
  9915 | D:6      | Killed zapotec's ghost
  9915 | D:6      | Reached * piety under Okawaru
  9915 | D:6      | Reached XP level 9. HP: 52/52 MP: 16/20
 10241 | D:6      | Found a hazy altar of Hepliaklqana.
 10329 | D:6      | Reached ** piety under Okawaru
 11206 | D:6      | Reached skill level 5 in Hexes
 11309 | D:7      | Reached *** piety under Okawaru
 11309 | D:7      | Reached XP level 10. HP: 38/56 MP: 10/22
 11717 | D:7      | Found Piel's Distillery.
 11754 | D:7      | Found a sparkling altar of Nemelex Xobeh.
 12385 | D:8      | Noticed SergentPoivreBleu's ghost (novice MiHu)
 12412 | D:8      | Killed SergentPoivreBleu's ghost
 12619 | D:8      | Reached **** piety under Okawaru
 12883 | D:8      | Found Reakepil's Antique Armour Shoppe.
 12891 | D:8      | Bought a pair of runed gloves for 172 gold pieces
 13151 | D:9      | Found Filaur's Antique Weapon Shop.
 13222 | D:9      | Noticed an ice dragon
 13223 | D:9      | Found a runed door.
 13223 | D:9      | Noticed a fire dragon
 13223 | D:9      | Noticed an ice dragon
 13224 | D:9      | Found the +2 shield of Resistance {rF+ rC+ MR+}
 13224 | D:9      | Found a runed door.
 13230 | D:9      | Noticed a fire dragon
 13258 | D:9      | Reached XP level 11. HP: 54/61 MP: 24/24
 13306 | D:9      | Found a white marble altar of Elyvilon.
 13306 | D:9      | Found a glowing golden altar of the Shining One.
 13306 | D:9      | Found a glowing silver altar of Zin.
 13432 | D:9      | Noticed a two-headed ogre
 13438 | D:9      | Killed a two-headed ogre
 13438 | D:9      | Reached skill level 10 in Dodging
 13465 | D:9      | Noticed a two-headed ogre
 13467 | D:9      | Killed a two-headed ogre
 13467 | D:9      | Reached ***** piety under Okawaru
 13467 | D:9      | Reached skill level 5 in Fighting
 13467 | D:9      | Reached skill level 5 in Short Blades
 13957 | D:10     | Entered Level 10 of the Dungeon
 14305 | D:10     | Noticed a two-headed ogre
 14308 | D:10     | Killed a two-headed ogre
 14547 | D:10     | Received a gift from Okawaru
 15301 | D:11     | Noticed Sonja
 15313 | D:11     | Killed Sonja
 15426 | D:11     | Noticed a brown ugly thing
 15429 | D:11     | Killed a brown ugly thing
 15429 | D:11     | Reached XP level 12. HP: 75/75 MP: 15/25
 15474 | D:11     | Noticed a death knight
 15547 | D:11     | Killed a death knight
 15786 | D:11     | Reached skill level 10 in Fighting
 15825 | D:11     | Noticed Fannar
 15854 | D:11     | Killed Fannar
 15877 | D:11     | Noticed a tengu warrior
 15884 | D:11     | Killed a tengu warrior
 15884 | D:11     | Reached skill level 11 in Stealth
 16482 | D:11     | Found a staircase to the Lair.
 16527 | D:11     | Reached skill level 12 in Stealth
 17034 | D:11     | Reached ****** piety under Okawaru
 17174 | D:11     | Reached skill level 13 in Stealth
 17212 | Lair:1   | Entered Level 1 of the Lair of Beasts
 17269 | Lair:1   | Received a gift from Okawaru
 17270 | Lair:1   | Got a spiked helmet {god gift}
 17389 | Lair:1   | Identified the +3 helmet of Yckussix {MR+} (Okawaru gifted it to you on level 1 of the Lair of Beasts)
 17769 | D:12     | Reached XP level 13. HP: 84/84 MP: 26/26
 17809 | D:12     | Noticed Kirke
 17824 | D:12     | Killed Kirke
 17824 | D:12     | Reached skill level 14 in Stealth
 17889 | D:12     | Reached skill level 15 in Stealth
 18429 | D:12     | Found a staircase to the Orcish Mines.
 18916 | Lair:1   | Reached skill level 1 in Shields
 18970 | Lair:1   | Noticed an eight-headed hydra
 18993 | Lair:1   | Killed an eight-headed hydra
 21027 | Lair:3   | Received a gift from Okawaru
 21256 | Lair:3   | Reached skill level 5 in Shields
 21435 | D:11     | Identified a scroll of acquirement
 21438 | D:11     | Got a clouded tin ring
 21440 | D:11     | Identified the ring "Lupnunan" {rElec rPois rC- EV+5 Int+4} (You acquired it on level 11 of the Dungeon)
 22210 | Lair:3   | Found a staircase to the Swamp.
 22522 | Lair:4   | Noticed Josephine
 22538 | Lair:4   | Killed Josephine
 22575 | Lair:3   | Reached XP level 14. HP: 31/90 MP: 4/27
 23772 | Lair:4   | Found a staircase to the Snake Pit.
 24393 | Orc:1    | Entered Level 1 of the Orcish Mines
 24426 | Orc:1    | Found a frozen archway.
 24435 | IceCv    | Entered an ice cave
 25187 | Orc:1    | Paralysed by an orc sorcerer for 2 turns
 25419 | Orc:2    | Entered Level 2 of the Orcish Mines
 25419 | Orc:2    | Found a staircase to the Elven Halls.
 25522 | Orc:2    | Found Bioxkas's Assorted Antiques.
 26226 | Orc:2    | Noticed an orc warlord
 26703 | Orc:1    | Killed an orc warlord
 26703 | Orc:1    | Received a gift from Okawaru
 27773 | Orc:2    | Found Suon's Distillery.
 27795 | Orc:2    | Found Parohama's Food Shop.
 28086 | Orc:2    | Reached skill level 10 in Spellcasting
 28911 | Orc:2    | Reached XP level 15. HP: 76/98 MP: 6/29
 29707 | Orc:2    | Found Bodo's Book Shoppe.
 29707 | Orc:2    | Found Amezai's Antique Armour Emporium.
 29707 | Orc:2    | Found a one-way gate leading to the halls of Pandemonium.
 29715 | Orc:2    | Gained mutation: You are partially covered in yellow scales. (AC +2) [a neqoxec]
 29731 | Orc:2    | Bought a smoking robe for 188 gold pieces
 29742 | Orc:2    | Identified the +2 robe of the Crown {MR+ Str+2} (You bought it in a shop on level 2 of the Orcish Mines)
 29744 | Orc:2    | Bought a book of the Dragon for 990 gold pieces
 29749 | Orc:2    | Learned a level 4 spell: Cause Fear
 29755 | Orc:2    | Learned a level 5 spell: Metabolic Englaciation
 30179 | Lair:5   | Received a gift from Okawaru
 30357 | Lair:5   | Reached skill level 10 in Hexes
 30394 | Lair:5   | Received a gift from Okawaru
 30397 | Lair:5   | Got a shimmering quick blade {god gift}
 30398 | Lair:5   | Identified the +6 quick blade "Heponwaru" {pierce, Str+5} (Okawaru gifted it to you on level 5 of the Lair of Beasts)
 30561 | Lair:5   | Got a translucent buckler
 30572 | Lair:5   | Identified the +1 buckler of Cloud Cover {rF+} (You found it on level 5 of the Lair of Beasts)
 31089 | Lair:6   | Entered Level 6 of the Lair of Beasts
 31770 | Lair:6   | Received a gift from Okawaru
 32154 | Lair:5   | HP: 2/98 [catoblepas/blast of calcifying dust (3)]
 33202 | Lair:6   | Got a dazzling buckler {god gift}
 33229 | Lair:6   | Identified the +3 buckler "Eqautus" {+Blink rElec} (Okawaru gifted it to you on level 6 of the Lair of Beasts)
 33383 | Lair:6   | Found a staircase to the Slime Pits.
 34342 | Lair:6   | Reached XP level 16. HP: 20/104 MP: 29/32
 34359 | Lair:6   | Got a shimmering ruby amulet
 34654 | Lair:6   | Identified the amulet "Faus" {Spirit -Tele +Inv rC+ rN++} (You found it on level 6 of the Lair of Beasts)
 34787 | Snake:1  | Entered Level 1 of the Snake Pit
 34787 | Snake:1  | Noticed Rupert
 34790 | Snake:1  | Killed Rupert
 34943 | Snake:1  | Noticed Agnes
 35496 | Swamp:1  | Entered Level 1 of the Swamp
 35502 | Swamp:1  | Received a gift from Okawaru
 35505 | Swamp:1  | Got an ivory dagger {god gift}
 35509 | Swamp:1  | Identified the +3 dagger of Viehuwib {flame, rPois rF- Int+7 Dex+3} (Okawaru gifted it to you on level 1 of the Swamp)
 35571 | Swamp:1  | Reached skill level 1 in Invocations
 35883 | Swamp:1  | Noticed Enish's ghost (journeyman GnNe)
 35905 | Swamp:1  | Killed Enish's ghost
 36192 | Swamp:2  | Noticed Aizul
 36887 | Swamp:2  | Reached skill level 5 in Invocations
 37024 | Swamp:2  | Received a gift from Okawaru
 37286 | Swamp:2  | Got an ancient short sword {god gift}
 37287 | Swamp:2  | Identified the +5 short sword "Gram" {speed, *Rage Str+5 Int+8} (Okawaru gifted it to you on level 2 of the Swamp)
 38510 | Swamp:2  | Killed Aizul
 38851 | Swamp:3  | Noticed Mara
 38867 | Swamp:3  | Noticed kokami0's illusion
 39571 | Swamp:3  | Received a gift from Okawaru
 39588 | Swamp:3  | Got a brightly glowing short sword {god gift}
 39840 | Swamp:3  | Identified the +1 short sword of the Salmon {pierce, +Fly} (Okawaru gifted it to you on level 3 of the Swamp)
 40326 | Swamp:3  | Reached XP level 17. HP: 83/108 MP: 33/33
 40847 | Swamp:3  | Noticed a thorn hunter
 40852 | Swamp:3  | Noticed kokami0's illusion
 40915 | Swamp:3  | Killed from afar by a thorn hunter

Skill      XL: |  1  2  3  4  5  6  7  8  9 10 11 12 13 14 15 16 |
---------------+-------------------------------------------------+-----
Fighting       | 1 2 4 8 11 13 | 13.0
Spellcasting   | 3 4 7 8 9 10 12 | 12.1
Stealth        | 5 9 10 13 15 | 15.6
Short Blades   | 4 8 |  8.0
Hexes          | 5 7 9 12 13 | 13.3
Dodging        | 8 10 11 13 | 13.9
Shields        | 5 |  5.9
Ice Magic      | 4 |  4.0
Invocations    | 7 |  7.0

Action                   |  1- 3 |  4- 6 |  7- 9 | 10-12 | 13-15 | 16-18 || total
-------------------------+-------+-------+-------+-------+-------+-------++-------
Melee: Dagger            |   154 |   239 |   166 |   609 |   865 |   765 ||  2798
       Rapier            |       |       |   142 |    54 |       |       ||   196
       Quick blade       |       |       |       |       |   331 |    23 ||   354
 Cast: Ensorcelled Hiber |     2 |    36 |    99 |   134 |   436 |   131 ||   838
       Corona            |     2 |     4 |     4 |       |       |       ||    10
       Confuse           |       |       |    24 |    33 |   104 |    81 ||   242
       Metabolic Englaci |       |       |       |       |     4 |     6 ||    10
       Cause Fear        |       |       |       |       |     2 |       ||     2
Invok: Heroism           |       |       |       |     2 |    10 |    11 ||    23
       Finesse           |       |       |       |       |     2 |     2 ||     4
 Abil: Evoke Blink       |       |       |       |       |       |     5 ||     5
Evoke: Wand              |       |       |     4 |     7 |    43 |     7 ||    61
  Use: Potion            |       |     3 |     3 |     3 |     5 |     8 ||    22
       Scroll            |       |       |    14 |    10 |    18 |     8 ||    50
 Stab: Sleeping          |     6 |    28 |    49 |   101 |   195 |    67 ||   446
       Confused          |       |       |    17 |    28 |    37 |    26 ||   108
       Invisible         |       |       |       |     2 |       |       ||     2
       Distracted        |       |       |       |       |     4 |     1 ||     5
       Paralysed         |       |       |       |       |     3 |       ||     3
  Eat: Chunk             |     9 |    11 |    28 |    21 |    36 |     9 ||   114
       Ration            |       |       |       |       |     9 |     5 ||    14
Armor: Robe              |    33 |    21 |    34 |    70 |   140 |    59 ||   357
       Skin              |       |       |    11 |       |       |       ||    11
Dodge: Dodged            |   143 |   189 |   222 |   499 |  1214 |   606 ||  2873
Block: Buckler           |       |       |       |       |   465 |   358 ||   823
